cohdb
Replays
Latest Replays
All Replays
Popular Replays
Top Player Replays
Match Explorer
How It Works
Community
CoH3 Stats
Reddit
Sign in to upload your games and track your stats! →
Sign in with Steam
Match 45298393
Unlisted
Match 45298393
Overview
Messages
Build Orders
End
250 Light Carrier
Selects Panzerjäger Kommand Battlegroup
Selects Blockade Equipment
Panzerpioneer Squad
250 Light Carrier
Panzergrenadier Squad
250 Light Carrier
250 Light Carrier
Selects GrB 39 Grenade Launcher Requisition
Construct Light Support Kompanie
Combat Half-tracks
Panzergrenadier Squad
Construct Mechanized Kompanie
Selects Defensive Positions
Support Armor Elements
Marder III Tank Destroyer
Marder III Tank Destroyer
mrshinyshekel
또또
爷爷兵法
Longbow64D
Dídac
好人
CPU - VERY EASY
sasayasou9t9
0
0
Comments
sign in to comment!
No comments posted yet!